 Dungeon Crawl Stone Soup version 0.26-a0-651-gb41185065b (webtiles) character file.

Game seed: 18035044254320759265

187640 Bloaty the Severer (level 18, 0/168 HPs)
             Began as a Hill Orc Fighter on Oct 11, 2020.
             Was a High Priest of Beogh.
             Slain by a tentacle (31 damage)
             ... attached to a kraken simulacrum
             ... on level 4 of the Shoals on Oct 12, 2020.
             The game lasted 02:31:39 (38408 turns).

Bloaty the Severer (Hill Orc Fighter)              Turns: 38408, Time: 02:31:40

Health: 0/168      AC: 28    Str: 25    XL:     18   Next: 7%
Magic:  16/30      EV: 14    Int:  8    God:    Beogh [*****.]
Gold:   3706       SH: 23    Dex: 17    Spells: 17/17 levels left

rFire    . . .     SeeInvis +   a - +2 broad axe (elec)
rCold    . . .     Faith    .   m - +2 tower shield {rN+}
rNeg     + . .     Spirit   .   u - +5 chain mail "Suvythrium" {*Drain rPois Dex+2 SInv}
rPois    +         Reflect  .   U - +0 helmet
rElec    +         Harm     .   c - +0 cloak
rCorr    .         Rampage  .   y - +2 pair of gloves {Str+3}
MR       ++...                  w - +2 pair of boots
Stlth    ..........             D - amulet of regeneration
HPRegen  0.78/turn              n - ring of protection from magic
MPRegen  0.22/turn              o - ring of Tipageyw {+Fly rElec rPois Stlth-}

@: no status effects
A: walk on water
}: 1/15 runes: gossamer
a: Smiting, Recall Orcish Followers, Give Item to Named Follower, Renounce
Religion, Evoke Flight


You were on level 4 of the Shoals.
You worshipped Beogh.
Beogh was extremely pleased with you.
You visited 5 branches of the dungeon, and saw 31 of its levels.
You also visited: Ossuary and Ice Cave.

You collected 3962 gold pieces.
You spent 256 gold pieces at shops.

Inventory:

Hand Weapons
 a - a +2 broad axe of electrocution (weapon)
 b - a +3 flail
 B - a +2 antimagic trident
 F - the +4 war axe "Pomoamp" {vamp, rF+ rC+ rN+}
   (You found it on level 1 of the Shoals)

   It inflicts no extra harm, but heals its wielder when it wounds a living foe.
   It protects you from fire.
   It protects you from cold.
   It protects you from negative energy.
 V - a +4 spear of freezing
 W - a +0 trident of venom
Missiles
 l - 12 throwing nets
 t - 67 boomerangs (quivered)
Armour
 c - a +0 cloak (worn)
 m - a +2 tower shield of positive energy (worn)
 u - the +5 chain mail "Suvythrium" (worn) {*Drain rPois Dex+2 SInv}
   (You found it on level 6 of the Lair of Beasts)

   It affects your dexterity (+2).
   It protects you from poison.
   It lets you see invisible.
   It causes draining when unequipped.
 w - a +2 pair of boots (worn)
 y - a +2 pair of gloves of strength (worn)
 U - a +0 helmet (worn)
 X - a +2 kite shield of reflection
Jewellery
 e - an uncursed ring of protection from fire
 n - a ring of protection from magic (left hand)
 o - the ring of Tipageyw (right hand) {+Fly rElec rPois Stlth-}
   (You found it on level 3 of the Spider Nest)

   [ring of poison resistance]

   It insulates you from electricity.
   It protects you from poison.
   It lets you fly.
   It makes you less stealthy.
 D - an amulet of regeneration (around neck)
 M - an uncursed ring of protection from cold
 S - an uncursed ring of resist corrosion {unknown}
Wands
 E - a wand of flame (26)
 N - a wand of paralysis (17)
 P - a wand of digging (9)
 T - a wand of acid (30)
 Y - a wand of iceblast (3)
Scrolls
 f - 17 scrolls of teleportation
 h - 12 scrolls of identify
 j - 12 scrolls of enchant armour
 p - 11 scrolls of enchant weapon
 s - 10 scrolls of remove curse
 x - a scroll of brand weapon
 C - a scroll of summoning
 H - 2 scrolls of silence
 I - 4 scrolls of fear
 J - 2 scrolls of blinking
 L - 5 scrolls of fog
 Q - 5 scrolls of holy word
 R - 7 scrolls of magic mapping
Potions
 d - 2 potions of might
 g - 7 potions of haste
 i - 10 potions of heal wounds
 k - 8 potions of lignification
 q - 3 potions of invisibility
 r - 4 potions of resistance
 v - 4 potions of cancellation
 z - 15 potions of curing
 A - 6 potions of flight
 G - 6 potions of ambrosia
 O - a potion of berserk rage
Miscellaneous
 K - a phantom mirror


   Skills:
 + Level 16.5 Fighting
 - Level 18.0 Axes
 + Level 14.3 Armour
 + Level 12.0 Dodging
 + Level 14.3 Shields
 + Level 16.5 Invocations


You had 17 spell levels left.
You didn't know any spells.
Your spell library contained the following spells:

 Spells                   Type           Power        Failure   Level
 Corona                   Hex            #......      100%        1
 Magic Dart               Conj           #...         100%        1
 Sandblast                Erth           #.....       100%        1
 Shock                    Conj/Air       #...         100%        1
 Summon Small Mammal      Summ           #...         100%        1
 Blink                    Tloc           N/A          100%        2
 Call Imp                 Summ           #.......     100%        2
 Searing Ray              Conj           #.....       100%        2
 Swiftness                Air            #.......     100%        2
 Call Canine Familiar     Summ           #.......     100%        3
 Confusing Touch          Hex            #.......     100%        3
 Dazzling Flash           Conj/Hex       #.....       100%        3
 Gell's Gravitas          Tloc           #.........   100%        3
 Lesser Beckoning         Tloc           #.........   100%        3
 Static Discharge         Conj/Air       #.......     100%        3
 Summon Guardian Golem    Hex/Summ       #.......     100%        3
 Teleport Other           Tloc           #.......     100%        3
 Airstrike                Air            #.........   100%        4
 Fulminant Prism          Conj/Hex       #.........   100%        4
 Iskenderun's Mystic Bla  Conj/Tloc      #.......     100%        4
 Passage of Golubria      Tloc           N/A          100%        4
 Petrify                  Tmut/Erth      #.......     100%        4
 Summon Ice Beast         Ice/Summ       #.......     100%        4
 Summon Lightning Spire   Summ/Air       #.......     100%        4
 Bolt of Magma            Conj/Fire/Erth #.........   100%        5
 Lightning Bolt           Conj/Air       #.........   100%        5
 Metabolic Englaciation   Hex/Ice        #.........   100%        5
 Yara's Violent Unravell  Hex/Tmut       #.........   100%        5
 Invisibility             Hex            #.......     100%        6


Dungeon Overview and Level Annotations

Branches:
Dungeon (15/15)            Temple (0/1) D:6            Lair (6/6) D:10
 Shoals (4/4) Lair:3       Spider (4/4) Lair:4        Slime (0/5) Lair:5
    Orc (2/2) D:9             Elf (0/3) Orc:2        Vaults (0/5) D:14
 Depths (0/5) D:15        Ossuary (visited)           IceCv (visited)

Altars:
Ashenzari
Elyvilon
Fedhas
Gozag
Kikubaaqudgha
Qazlal
Ru
Sif Muna
Uskayaw
Vehumet
Wu Jian
Yredelemnul
Beogh
Jiyva

Shops:
D:6 *}   D:9 *   D:11 [   D:15 }   Orc:1 !   Orc:2 (*=}[

Annotations:
D:5 3 runed translucent doors, donkeybrains's ghost, novice MiBe
D:7 1 runed translucent door, Apogee's ghost, novice DrTm
D:8 3 runed translucent doors, Lanoc's ghost, novice DECj
D:9 3 runed translucent doors, Azzok's ghost, journeyman DsBe
Lair:2 exclusion: 2 oklob plants
Lair:4 exclusion: oklob plant
Spider:4 3 runed translucent doors, donkeybrains's ghost, adept DsFi; p0werm0de's ghost, journeyman MiFi


Message History

You hear a splash. x2
The weapon returns to your orc knight!
The merfolk impaler hits you with a +5 trident.
The tentacle slaps you! The tentacle freezes you!!
The merfolk closely misses you. You block the tentacle's attack.
The merfolk impaler hits you but does no damage.
Press: ? - help, Dir - move target cursor, f - kraken simulacrum Smite: a kraken simulacrum (water)
You smite the kraken simulacrum!
The kraken simulacrum is severely damaged.
You block the tentacle's attack. x2; Your orc knight throws a boomerang.
The boomerang hits the merfolk impaler.
The weapon returns to your orc knight!
The merfolk impaler hits you with a +5 trident!!
* * * LOW HITPOINT WARNING * * *
The merfolk hits you but does no damage.
The tentacle slaps you but does no damage.
The tentacle slaps you!
* * * LOW HITPOINT WARNING * * *
The tentacle freezes you!!
You die...

..≈≈...≈≈≈≈≈≈≈≈. ..............
≈≈≈.....≈≈≈≈≈≈.. ##...........
.≈........≈≈≈..#######...........
#............###≈w ≈.###........#
#............# ≈≈≈Zw .#......####
#............ #≈#* .###...###.≈.
............ #≈≈ .≈ ##....#...≈
#........... ##w#≈#.##....##≈.#.
............. #≈@wm≈..##..)###≈.)
#............##)m##≈≈###...##≈.#.
o...........ooo#######.....##oo.≈
...........3.≈o####.#≈.≈...##oo#≈
........≈≈≈≈≈(≈)......≈≈≈≈...####
...≈≈..≈≈≈≈≈≈≈≈≈≈≈≈≈≈≈≈≈≈≈)...###
≈≈≈≈≈≈≈≈≈≈≈≈≈≈≈≈≈≈≈≈≈≈.≈≈≈≈≈.....
≈≈≈≈≈≈≈≈≈≈≈≈≈≈≈≈≈≈≈≈≈≈≈≈≈≈≈≈≈≈≈≈≈
≈≈≈≈≈≈≈≈≈≈≈≈≈≈≈≈≈≈≈≈≈≈≈≈≈≈≈≈≈≈≈≈≈


You could see a merfolk impaler, a merfolk, 4 tentacles, a kraken simulacrum, 2
friendly orc knights, the friendly Bogwik the orc knight (strong) and a friendly
ynoxinul (summoned).

Vanquished Creatures
  Rupert (D:14)
  Jorgrun (Orc:1)
  2 krakens (Shoals:3)
  A storm dragon (D:11)
  A frost giant (D:11)
  4 ghost moths (Spider:4)
  3 emperor scorpions (Spider:4)
  3 entropy weavers
  Nessos (Orc:2)
  3 merfolk impalers
  A fire dragon (D:9)
  2 merfolk javelineers (Shoals:4)
  Fannar (Lair:2)
  Josephine (D:11)
  A yaktaur captain (D:15)
  3 hydras
  3 merfolk aquamancers
  3 centaur warriors
  4 catoblepae
  A merfolk avatar (Shoals:3)
  A two-headed ogre (D:12)
  A queen ant (Spider:1)
  4 death yaks (Lair:6)
  5 sea snakes
  2 phantasmal warriors (D:13)
  15 harpies
  A wolf spider zombie (D:15)
  8 orb spiders
  19 wolf spiders
  2 deep elf magi
  5 ugly things
  18 manticores
  5 cyclopes
  5 fauns
  2 black mambas
  4 merfolk sirens
  4 water nymphs
  Maggie (D:6)
  Maurice (D:11)
  3 ice statues (IceCv)
  7 cane toads
  A torpor snail (Lair:6)
  5 rime drakes
  2 gargoyles (D:11)
  6 demonic crawlers
  An efreet (D:15)
  A kobold demonologist (D:14)
  A yaktaur (D:15)
  4 harpy zombies (Shoals:3)
  6 komodo dragons
  4 trolls
  5 jumping spiders
  A meliai (D:13)
  13 merfolk
  14 hornets
  3 wind drakes
  Grinder (D:3)
  5 dream sheep
  10 slime creatures
  7 snapping turtles
  14 hippogriffs
  A meliai zombie (D:11)
  Sigmund (D:2)
  8 blink frogs
  42 redbacks
  2 shadows
  15 tarantellas
  68 yaks
  A wyvern (D:12)
  4 basilisks
  A hog (D:15)
  8 wraiths
  2 water elementals (Shoals:4)
  3 vampire mosquitoes (D:14)
  3 wargs
  2 acid dragons
  7 soldier ants
  11 water moccasins
  8 porcupines
  10 orc warriors
  7 ice beasts
  2 black bears
  A necrophage (D:9)
  6 phantoms
  7 sky beasts
  8 ogres
  19 centaurs
  7 crocodiles
  An elf zombie (D:14)
  11 big kobolds
  Blork the orc (D:5)
  14 bullfrogs
  2 wyvern skeletons
  6 scorpions
  13 wights
  14 killer bees
  A howler monkey (D:9)
  3 electric eels
  A quasit (D:6)
  A bullfrog skeleton (D:11)
  A centaur zombie (D:9)
  An iron imp (D:12)
  4 bullfrog zombies
  8 hounds
  5 human zombies (D:14)
  2 jellies
  5 centaur skeletons
  12 orc priests
  18 orc wizards
  A human skeleton (D:14)
  3 iguanas
  20 worker ants
  A hound skeleton (D:9)
  9 mummies
  A worker ant zombie (D:9)
  8 gnolls
  11 adders
  A howler monkey skeleton (D:7)
  A shadow imp (D:8)
  A white imp (D:8)
  4 ufetubi
  An ooze (D:2)
  An adder zombie (D:6)
  2 adder skeletons (D:9)
  2 worms
  2 dart slugs (D:1)
  5 leopard geckos
  31 orcs
  2 ball pythons
  A bat zombie (Shoals:3)
  2 giant cockroaches
  7 goblins
  7 hobgoblins
  17 jackals
  35 kobolds
  5 quokkas
  12 bats
  10 frilled lizards
  A gnoll zombie (Ossuary)
  2 hobgoblin zombies (Ossuary)
  2 kobold zombies (Ossuary)
  3 leopard gecko skeletons
  A leopard gecko zombie (D:5)
  3 orc zombies (Ossuary)
  A quokka skeleton (D:4)
  8 rats
859 creatures vanquished.

Vanquished Creatures (collateral kills)
  Kirke (D:15)
  An emperor scorpion (Spider:4)
  An ironheart preserver (D:14)
  2 entropy weavers
  A spark wasp (Spider:4)
  A merfolk javelineer (Shoals:3)
  2 merfolk impalers
  A rakshasa (D:15)
  2 centaur warriors (D:15)
  2 death knights
  An orc high priest (Orc:2)
  A sixfirhy (D:12)
  4 sea snakes (Shoals:4)
  4 orc warriors
  A wizard (D:14)
  2 harpies (Shoals:4)
  2 orc sorcerers (Orc:2)
  A phantasmal warrior (D:13)
  11 orb spiders
  16 wolf spiders
  A faun (Shoals:1)
  8 slime creatures
  6 manticores
  A moth of wrath (Spider:1)
  A water nymph (Shoals:4)
  2 merfolk sirens
  A centaur skeleton (D:13)
  2 kobold demonologists (D:13)
  5 demonic crawlers
  22 jumping spiders
  A troll (D:13)
  2 meliai
  10 merfolk
  A wind drake (Shoals:4)
  8 hornets
  4 snapping turtles
  3 hippogriffs
  A dream sheep (Shoals:3)
  42 redbacks
  6 water elementals
  A spriggan (shapeshifter) (D:14)
  13 tarantellas
  3 wraiths
  2 wyverns
  A basilisk (Shoals:4)
  A hog (D:15)
  A vampire mosquito (D:14)
  20 soldier ants
  4 centaurs
  An ogre (Orc:1)
  A hippogriff zombie (Shoals:3)
  A bullfrog (D:15)
  4 wights
  A human zombie (D:14)
  4 orc priests
  3 orc wizards (Orc:2)
  7 worker ants
  10 orcs
  3 kobolds
  A withered plant (Shoals:4)
266 creatures vanquished.

Vanquished Creatures (others)
  2 orc knights
  2 orc sorcerers
  5 orc warriors
  10 orc priests
  22 orc wizards
  An adder (D:6)
  9 orcs
  12 fungi
  69 plants
  9 tentacles (Shoals:3)
141 creatures vanquished.

Grand Total: 1266 creatures vanquished

Notes
Turn   | Place    | Note
-------+----------+-------------------------------------------
     0 | D:1      | Bloaty the Hill Orc Fighter began the quest for the Orb.
     0 | D:1      | Reached XP level 1. HP: 19/19 MP: 1/1
   112 | D:1      | Reached skill level 3 in Axes
   180 | D:1      | Reached XP level 2. HP: 23/27 MP: 2/2
   440 | D:1      | Reached XP level 3. HP: 30/33 MP: 3/3
  1001 | D:2      | Reached skill level 4 in Axes
  1081 | D:2      | Reached XP level 4. HP: 40/40 MP: 4/4
  1314 | D:2      | Noticed Sigmund
  1315 | D:2      | Found a blossoming altar of Fedhas.
  1544 | D:3      | Reached XP level 5. HP: 8/47 MP: 5/5
  1907 | D:3      | Noticed Grinder
  1908 | D:3      | Paralysed by Grinder for 5 turns
  1954 | D:3      | Paralysed by Grinder for 4 turns
  2318 | D:1      | Reached skill level 5 in Axes
  2868 | D:2      | Found a hide-covered altar of Uskayaw.
  2868 | D:2      | Found an ornate altar of the Wu Jian Council.
  3243 | D:4      | Noticed an ogre
  3260 | D:3      | Reached XP level 6. HP: 55/55 MP: 6/6
  3368 | D:4      | Reached skill level 5 in Fighting
  3482 | D:4      | Reached skill level 6 in Axes
  3645 | D:3      | Reached XP level 7. HP: 57/61 MP: 7/7
  3726 | D:4      | Found a broken altar of Ashenzari.
  3728 | D:4      | Found an ancient bone altar of Kikubaaqudgha.
  3728 | D:4      | Found a stormy altar of Qazlal.
  4170 | D:5      | Entered Level 5 of the Dungeon
  4266 | D:5      | Reached skill level 5 in Armour
  4266 | D:5      | Reached skill level 5 in Shields
  4342 | D:5      | Reached skill level 7 in Axes
  4395 | D:5      | Noticed Blork the orc
  4414 | D:5      | Killed Blork the orc
  4846 | D:5      | Found an opulent altar of Gozag.
  4876 | D:5      | Reached XP level 8. HP: 16/70 MP: 8/8
  5153 | D:5      | Found a runed translucent gate.
  5154 | D:5      | Found a runed translucent gate.
  5253 | D:5      | Found a runed translucent gate.
  5272 | D:5      | Found a white marble altar of Elyvilon.
  5376 | D:5      | Reached skill level 8 in Axes
  5535 | D:5      | Noticed donkeybrains's ghost (novice MiBe)
  5545 | D:6      | Noticed Maggie
  5577 | D:6      | Became a worshipper of Beogh the Brigand
  5753 | D:6      | Found Vesh's Gadget Boutique.
  5764 | D:6      | Found Roubuib's Lightly-Used Armoury.
  5781 | D:6      | Killed Maggie
  5781 | D:6      | Reached skill level 9 in Axes
  5789 | D:6      | Found a staircase to the Ecumenical Temple.
  6135 | D:6      | Reached skill level 1 in Invocations
  6135 | D:6      | Reached XP level 9. HP: 67/78 MP: 9/9
  6913 | D:7      | Reached skill level 10 in Axes
  6937 | D:7      | Found a runed translucent door.
  7252 | D:7      | Found a shimmering blue altar of Sif Muna.
  7457 | D:7      | Reached skill level 11 in Axes
  7623 | D:7      | Reached XP level 10. HP: 86/88 MP: 13/13
  7669 | D:7      | Noticed Apogee's ghost (novice DrTm)
  8135 | D:2      | Found a blossoming altar of Fedhas.
  8178 | D:2      | Killed Sigmund
  8240 | D:3      | Reached * piety under Beogh
  8396 | D:3      | Killed Grinder
  8558 | D:8      | Found a sand-covered staircase.
  8563 | Ossuary  | Entered an ossuary
  8832 | D:8      | Reached skill level 5 in Invocations
  8911 | D:8      | Found a radiant altar of Vehumet.
  9022 | D:8      | Found a basalt altar of Yredelemnul.
  9337 | D:8      | Found a runed translucent gate.
  9338 | D:8      | Found a runed translucent gate.
  9339 | D:8      | Found a runed translucent gate.
  9341 | D:8      | Noticed Lanoc's ghost (novice DECj)
  9520 | D:8      | Reached skill level 12 in Axes
  9534 | D:9      | Reached ** piety under Beogh
  9598 | D:9      | Found a staircase to the Orcish Mines.
  9736 | D:9      | Found a runed translucent gate.
  9868 | D:9      | Found a runed translucent gate.
  9868 | D:9      | Found a runed translucent gate.
  9870 | D:9      | Found an opulent altar of Gozag.
  9870 | D:9      | Found Mohaih's Assorted Antiques.
  9870 | D:9      | Noticed a fire dragon
  9871 | D:9      | Noticed Azzok's ghost (journeyman DsBe)
  9902 | D:9      | Found a sacrificial altar of Ru.
 10080 | D:9      | Noticed a cyclops
 10083 | D:9      | Noticed a fire dragon
 10084 | D:9      | Killed a cyclops
 10101 | D:9      | Killed a fire dragon
 10101 | D:9      | Reached XP level 11. HP: 54/97 MP: 1/15
 10330 | D:9      | Reached skill level 13 in Axes
 10514 | D:9      | Found a roughly hewn altar of Beogh.
 10695 | D:10     | Entered Level 10 of the Dungeon
 11056 | D:10     | Reached *** piety under Beogh
 11067 | D:10     | Found a staircase to the Lair.
 11947 | D:11     | Noticed Maurice
 11958 | D:11     | Killed Maurice
 12078 | D:11     | Noticed a deep elf mage
 12085 | D:11     | Killed a deep elf mage
 12101 | D:11     | Noticed a frost giant
 12103 | D:11     | Noticed a storm dragon
 12396 | D:11     | Found a hide-covered altar of Uskayaw.
 12417 | D:11     | Killed a storm dragon
 12417 | D:11     | Reached skill level 10 in Fighting
 12417 | D:11     | Reached skill level 14 in Axes
 12571 | D:11     | Noticed a manticore
 12572 | D:11     | Found Zekor's Antique Armour Emporium.
 12591 | D:11     | Killed a manticore
 12780 | D:11     | Killed a frost giant
 12780 | D:11     | Reached XP level 12. HP: 37/107 MP: 3/18
 13211 | D:11     | Noticed a six-headed hydra
 13218 | D:11     | Killed a six-headed hydra
 13218 | D:11     | Reached skill level 15 in Axes
 13540 | D:11     | Reached skill level 10 in Shields
 13552 | D:11     | Noticed Josephine
 13558 | D:11     | Killed Josephine
 13558 | D:11     | Reached skill level 10 in Armour
 13576 | D:11     | Bought a faintly humming chain mail for 256 gold pieces
 13591 | D:11     | Identified the +3 chain mail of Fashionability {Regen+}
                  | (You bought it in a shop on level 11 of the Dungeon)
 13647 | Lair:1   | Entered Level 1 of the Lair of Beasts
 14654 | Lair:2   | Reached XP level 13. HP: 111/116 MP: 20/20
 14942 | Lair:2   | Reached skill level 1 in Dodging
 15008 | Lair:2   | Noticed Fannar
 15041 | Lair:2   | Killed Fannar
 15041 | Lair:2   | Reached skill level 16 in Axes
 15041 | Lair:2   | Reached skill level 10 in Invocations
 15631 | Lair:3   | Found a staircase to the Shoals.
 16016 | Lair:3   | Got a warped hand crossbow
 16480 | Lair:4   | Got a steaming cloak
 16507 | Lair:3   | Identified the +2 cloak "Gaom" {Harm Int+2} (You found it
                  | on level 4 of the Lair of Beasts)
 16620 | Lair:4   | Found a hole to the Spider Nest.
 17295 | Lair:5   | Found a staircase to the Slime Pits.
 17295 | Lair:5   | Found a viscous altar of Jiyva.
 17793 | Lair:5   | Reached **** piety under Beogh
 18292 | Lair:6   | Entered Level 6 of the Lair of Beasts
 18650 | Lair:6   | Reached skill level 5 in Dodging
 19054 | Lair:6   | Got a pair of brightly glowing gloves
 19065 | Lair:6   | Identified the cursed -4 pair of gloves "Ageclys" {rC+ MR-
                  | Str+4 Slay+2} (You found it on level 6 of the Lair of
                  | Beasts)
 19175 | Lair:6   | Reached XP level 14. HP: 81/127 MP: 22/22
 19536 | Lair:6   | Gained Korbok as an ally
 19753 | Lair:6   | Reached ***** piety under Beogh
 19753 | Lair:6   | Gained Gorbash as an ally
 19783 | Lair:6   | Your ally Gorbash died
 19825 | Lair:6   | Your ally Korbok died
 19879 | Lair:6   | Got a bloodstained chain mail
 19895 | Lair:6   | Identified the +5 chain mail "Suvythrium" {*Drain rPois
                  | Dex+2 SInv} (You found it on level 6 of the Lair of Beasts)
 20162 | Lair:1   | Identified a scroll of acquirement
 20162 | Lair:1   | Acquired a +2 broad axe of electrocution
 20166 | Lair:1   | Identified the cursed +0 hand crossbow of the Lesser Evil
                  | {speed, +Inv MR+} (You found it on level 3 of the Lair of
                  | Beasts)
 21784 | D:12     | Gained Garbold as an ally
 22220 | D:13     | Gained Bolgrim as an ally
 23220 | D:14     | Noticed Rupert
 23224 | D:14     | Killed Rupert
 23559 | D:14     | Found a basalt altar of Yredelemnul.
 23957 | D:14     | Noticed an ironheart preserver
 23960 | D:14     | Reached XP level 15. HP: 126/137 MP: 24/24
 23976 | D:14     | Found a gate to the Vaults.
 24302 | D:15     | Entered Level 15 of the Dungeon
 24509 | D:15     | Found Uvoresun's Gadget Boutique.
 25301 | D:15     | Reached skill level 17 in Axes
 25344 | D:15     | Noticed Kirke
 25354 | D:15     | Killed Kirke
 25754 | D:15     | Found a staircase to the Depths.
 26019 | Lair:1   | Acquired 586 gold pieces
 26020 | Lair:1   | Acquired a +2 tower shield of positive energy
 26265 | Spider:1 | Entered Level 1 of the Spider Nest
 26377 | Lair:4   | Reached ****** piety under Beogh
 27055 | Spider:1 | Gained Zartorak as an ally
 27990 | Spider:2 | Reached skill level 10 in Dodging
 28281 | Spider:2 | Reached XP level 16. HP: 147/147 MP: 26/26
 29433 | Spider:3 | Got a wavering ivory ring
 29437 | Spider:3 | Identified the ring of Tipageyw {+Fly rElec rPois Stlth-}
                  | (You found it on level 3 of the Spider Nest)
 29720 | Spider:3 | Reached skill level 15 in Fighting
 29820 | Spider:4 | Entered Level 4 of the Spider Nest
 29923 | Spider:3 | Reached skill level 18 in Axes
 29938 | Spider:3 | Gained Jorge as an ally
 30357 | Spider:4 | Found a runed translucent gate.
 30357 | Spider:4 | Found a runed translucent gate.
 30365 | Spider:4 | Found a runed translucent gate.
 30365 | Spider:4 | Noticed donkeybrains's ghost (adept DsFi)
 30365 | Spider:4 | Noticed donkeybrains's ghost (adept DsFi)
 30365 | Spider:4 | Noticed p0werm0de's ghost (journeyman MiFi)
 30465 | Spider:4 | Reached skill level 15 in Invocations
 31123 | Spider:4 | Got a gossamer rune of Zot
 31803 | Orc:1    | Entered Level 1 of the Orcish Mines
 31815 | Orc:1    | Found a roughly hewn altar of Beogh.
 31816 | Orc:1    | Noticed Jorgrun
 31820 | Orc:1    | Killed Jorgrun
 31955 | Orc:1    | Found Faugh's Distillery.
 32238 | Orc:2    | Entered Level 2 of the Orcish Mines
 32251 | Orc:2    | Found a staircase to the Elven Halls.
 32293 | Orc:2    | Found a frozen archway.
 32304 | IceCv    | Entered an ice cave
 32554 | IceCv    | Reached XP level 17. HP: 135/156 MP: 28/28
 32844 | Orc:2    | Noticed Nessos
 32847 | Orc:2    | Killed Nessos
 33034 | Orc:2    | Found Urubbiaw's Gadget Emporium.
 33034 | Orc:2    | Found Lauqauwe's Jewellery Emporium.
 33035 | Orc:2    | Found Lomeewk's Antique Weapon Shoppe.
 33035 | Orc:2    | Paralysed by an orc sorcerer for 6 turns
 33042 | Orc:2    | Gained Arbolt as an ally
 33052 | Orc:2    | Your ally Arbolt died
 33059 | Orc:2    | Gained Alork as an ally
 33065 | Orc:2    | Your ally Alork died
 33185 | Orc:2    | Found Orexut's General Store.
 33233 | Orc:2    | Found Qemeduz's Armour Shoppe.
 33723 | Shoals:1 | Entered Level 1 of the Shoals
 34501 | Shoals:1 | Got a bloodstained war axe
 34502 | Shoals:1 | Identified the +4 war axe "Pomoamp" {vamp, rF+ rC+ rN+}
                  | (You found it on level 1 of the Shoals)
 35629 | Shoals:3 | Noticed a kraken
 35635 | Shoals:3 | Killed a kraken
 35988 | Shoals:3 | Noticed a kraken
 35995 | Shoals:3 | Killed a kraken
 36144 | Shoals:3 | Gained Orkwin as an ally
 36809 | Shoals:4 | Entered Level 4 of the Shoals
 37168 | Shoals:4 | Gained Bogwik as an ally
 37460 | Shoals:4 | Identified the Handbook of Dusty Bewitchment
 38205 | Shoals:4 | Reached XP level 18. HP: 142/168 MP: 30/30
 38408 | Shoals:4 | Slain by a tentacle

Illustrated notes

Levels and vault maps discovered:
D:1:      lightli_arrival_flooded_house, layout_loops_ring,
          chequers_serial_rivers_small_a
D:2:      layout_loops_ring, minitemple, kennysheep_minor_cross,
          grunt_ministairs_12, minmay_hedge_maze, fedhas_altar_fruit_tree,
          uniq_sigmund
D:3:      layout_basic, uniq_grinder
D:4:      layout_rooms, gammafunk_temple_overflow_forgotten
D:5:      layout_cave_pools, basic_altar, gammafunk_ghost_necromancy,
          elyvilon_altar_3, uniq_blork_the_orc
D:6:      layout_gridville, temple_green, serial_shops, kennysheep_mini,
          minmay_shop_damaged, uniq_maggie
D:7:      layout_rooms, overflow_temple_1_default,
          hellmonk_ghost_happy_afterlife
D:8:      layout_loops_ring, nicolae_overflow_crystal_walls,
          gammafunk_ghost_split, enter_ossuary_2, basic_altar,
          grunt_ministairs_10
D:9:      wad_statue_garden, layout_cave_pools,
          nicolae_ru_great_annihilating_truth, minmay_orc_entry_temple_small,
          ebering_ghost_gozag
D:10:     layout_layer_cave, erik_lair_orcish_takeover
D:11:     minmay_mutant_horseshoe, layout_basic, serial_shops,
          nicolae_shop_overgrown_old_shop, basic_altar, uniq_josephine,
          uniq_maurice
D:12:     kennysheep_demon_hangout, layout_layer_cave
D:13:     layout_long_grid
D:14:     layout_irregular_city, skrybe_vaults_entry_preservation,
          lemuel_mausoleum_altar_yredelemnul, minmay_misc_feat_rows, uniq_rupert
D:15:     grunt_enter_depths_snipers, layout_loops_corners, serial_shops,
          nicolae_shop_crystal, minmay_misc_feat_hallway, uniq_kirke
Lair:1:   layout_roguey, minivault_24, patterned_corridor
Lair:2:   layout_chaotic_city, grunt_megastairs_2, minmay_lair_oklob_chamber,
          uniq_fannar
Lair:3:   layout_roguey, minmay_shoals_entry_hut
Lair:4:   layout_cave_pods, spider_nest_entry_a
Lair:5:   layout_gridlike, slime_altar_1, nicolae_quartered_pool_super,
          serial_bayou_pond_e
Lair:6:   evilmike_catoblepas_cave, layout_loops_ring, serial_bayou_shore_a
Shoals:1: layout_shoals
Shoals:2: layout_shoals
Shoals:3: layout_shoals, nicolae_shoals_undead_eyrie
Shoals:4: shoals_end_grunt_ice, layout_shoals, argonaut_gorgonesque
Spider:1: layout_spider_delve, minivault_29
Spider:2: layout_chambers
Spider:3: layout_spider_delve, lemuel_hornet_nest
Spider:4: guppyfry_spider_rune, gammafunk_ghost_cemetery
Orc:1:    layout_caves, basic_altar, serial_shops, nicolae_shop_stone,
          uniq_jorgrun
Orc:2:    st_orc_mages, layout_caves, portal_ice_cave_rime, serial_shops,
          shop_fountains, nicolae_orc_crystal_geode, uniq_nessos

Skill      XL: |  1  2  3  4  5  6  7  8  9 10 11 12 13 14 15 16 17 |
---------------+----------------------------------------------------+-----
Axes           | 3 4 5 6 7 9 11 12 14 15 16 17 18 | 18.0
Fighting       | 4 5 6 8 9 10 11 12 13 14 15 16 | 16.5
Armour         | 4 5 6 7 8 9 10 11 12 13 14 | 14.3
Shields        | 4 5 6 7 8 9 10 11 12 13 14 | 14.3
Invocations    | 1 4 6 8 9 11 13 14 15 16 | 16.5
Dodging        | 5 8 10 11 12 | 12.0

Action                   |  1- 3 |  4- 6 |  7- 9 | 10-12 | 13-15 | 16-18 || total
-------------------------+-------+-------+-------+-------+-------+-------++-------
Melee: War axe           |   136 |   235 |   318 |   940 |   663 |    30 ||  2322
       Morningstar       |       |       |       |     4 |       |       ||     4
       Flail             |       |       |       |       |    17 |       ||    17
       Broad axe         |       |       |       |       |   511 |   758 ||  1269
Throw: Dart              |     6 |    10 |    12 |       |       |       ||    28
       Boomerang         |       |     2 |    13 |    22 |    12 |       ||    49
Invok: Convert to Beogh  |       |       |     1 |       |       |       ||     1
       Smiting           |       |       |       |    24 |    10 |    34 ||    68
       Recall Orcish Fol |       |       |       |       |    11 |     9 ||    20
       Stop Recall       |       |       |       |       |     7 |     4 ||    11
       Give Item to Name |       |       |       |       |     2 |     2 ||     4
       Resurrection      |       |       |       |       |       |     1 ||     1
Evoke: Wand              |       |       |     3 |       |     3 |     1 ||     7
  Use: Scroll            |       |       |    12 |     9 |    17 |     6 ||    44
       Potion            |       |       |     1 |     1 |       |       ||     2
 Stab: Paralysed         |       |       |       |     2 |       |     6 ||     8
       Distracted        |       |       |       |     1 |     9 |     5 ||    15
       Petrified         |       |       |       |       |       |     3 ||     3
       Fleeing           |       |       |       |       |       |     1 ||     1
Armor: Scale mail        |    60 |       |       |       |       |       ||    60
       Chain mail        |    16 |   119 |   122 |    67 |   411 |   375 ||  1110
       Plate armour      |       |       |    53 |   278 |       |       ||   331
Dodge: Dodged            |    40 |    51 |    81 |   135 |   304 |   312 ||   923
Block: Kite shield       |    61 |   110 |   159 |   437 |   433 |       ||  1200
       Tower shield      |       |       |       |       |   250 |  1043 ||  1293

Table legend: (Time is in decaauts)
 A = Elapsed time spent in this place.
 B = Non-inter-level travel time spent in this place.
 C = Inter-level travel time spent in this place.
 D = Time resting spent in this place.
 E = Time spent auto-exploring this place.
 F = Levels seen in this place.
 G = Mean time per level.
                   A        B        C        D        E       F      G
               +--------+--------+--------+--------+--------+-----+--------+
         Total |  38800 |  36430 |   2370 |   5625 |  20528 |  33 | 1175.8 |
       Dungeon |  19478 |  18152 |   1326 |   2288 |  11182 |  15 | 1298.5 |
          Lair |   7698 |   7129 |    569 |   1128 |   3978 |   6 | 1283.0 |
        Shoals |   5182 |   5042 |    140 |   1280 |   2491 |   4 | 1295.5 |
   Spider Nest |   4467 |   4193 |    274 |    783 |   1794 |   4 | 1116.8 |
  Orcish Mines |   1404 |   1343 |     61 |      0 |    958 |   2 |  702.0 |
       Ossuary |    256 |    256 |      0 |      0 |    124 |   1 |  256.0 |
      Ice Cave |    312 |    312 |      0 |    146 |      0 |   1 |  312.0 |
               +--------+--------+--------+--------+--------+-----+--------+

Top non-repeatable levels by time:
    D:11: 1812 daAuts
Shoals:3: 1798 daAuts
    D:12: 1721 daAuts
  Lair:6: 1701 daAuts
  Lair:4: 1671 daAuts
    D:15: 1591 daAuts
     D:6: 1570 daAuts
     D:2: 1536 daAuts
Shoals:4: 1521 daAuts
Spider:4: 1490 daAuts
     D:5: 1391 daAuts
    D:10: 1338 daAuts
     D:9: 1305 daAuts
Spider:2: 1292 daAuts
    D:13: 1270 daAuts
